AoeStats
← dgominik

Black Forest

506697630Analyzed
4v4 RM · 19d ago on Sep 14, 2026· 19m 56s· 8 players
Game mode
Random Map
Map size
Large (8 player)
Population
200
Speed
Normal
Resources
Standard
Victory
Conquest
Starting age
Dark Age
Ending age
Imperial Age
RankedLock teamsTeams togetherTeam positionsShared explorationLock speedFull tech treeHidden civsTurbo modeCheats
Victory
Defeat
🇩🇪 Byzantines · Germany
978
+15
🇩🇪 Bulgarians · Germany
896
+18
🇩🇪 Persians · Germany
873
+19
🇩🇪 Huns · Germany
765
+23
🇬🇧 Turks · United Kingdom
996
-21
🇲🇽 Spanish · Mexico
995
-21
🇵🇱 Persians · Poland
918
-18
🇿🇦 Celts · South Africa
856
-15
Special Air (SAS)
10:29 Feudal Age
15:50 Castle Age
14:10 Double-Bit Axe
17:46 Wheelbarrow
marcobecerrap
11:06 Feudal Age
12:43 Wheelbarrow
11:54 Double-Bit Axe
17:08 Castle Age
15:16 Stone Mining
16:35 Horse Collar
18:09 Hand Cart
19:12 Bow Saw
BangThat
1:28 Loom
18:03 Feudal Age
Heli Jacob
0:27 Loom
14:26 Feudal Age
16:17 Horse Collar
DarkImp09
11:40 Feudal Age
12:16 Loom
12:23 Loom
13:57 Horse Collar
16:42 Double-Bit Axe
19:07 Castle Age
18:28 Stone Mining
18:30 Gold Mining
dgominik
8:14 Loom
12:07 Feudal Age
12:32 Double-Bit Axe
12:44 Fishing Lines
21:07 Castle Age
KleinerOregan00
12:24 Feudal Age
13:17 Loom
15:47 Fishing Lines
20:58 Castle Age
19:04 Stone Mining
19:14 Double-Bit Axe
20:17 Gold Mining
John Water
15:42 Feudal Age
16:15 Double-Bit Axe
16:20 Arson
18:47 Wheelbarrow
18:07 Gold Mining
19:46 Forging
Connection lost

Rejoining the realm…

Still unreachable

The connection could not be restored.

Session expired

The server has moved on; the page needs a fresh start.